AoeStats
← ZeroFuqsGiven

Black Forest

508148413Analyzed
4v4 RM · 10d ago on Sep 21, 2026· 64m 23s· 8 players
Game mode
Random Map
Map size
Large (8 player)
Population
200
Speed
Normal
Resources
Standard
Victory
Conquest
Starting age
Dark Age
Ending age
Imperial Age
RankedLock teamsTeams togetherTeam positionsShared explorationLock speedFull tech treeHidden civsTurbo modeCheats
Victory
Defeat
🇺🇸 Khitans · United States
747
+10
🇲🇽 Britons · Mexico
734
+11
🇲🇽 Persians · Mexico
728
+11
🇧🇷 Romans · Brazil
497
+21
🇺🇸 Japanese · United States
696
-16
🇧🇷 Tatars · Brazil
689
-16
🇧🇴 Poles · Bolivia
574
-12
🇦🇷 Lithuanians · Argentina
492
-9
Carpeado BR
0:28 Loom
14:47 Feudal Age
15:20 Horse Collar
15:30 Double-Bit Axe
21:18 Castle Age
20:23 Gold Mining
20:28 Stone Mining
22:06 Wheelbarrow
23:30 Bow Saw
31:49 Imperial Age
31:51 Town Watch
32:49 Hand Cart
33:31 Conscription
33:09 Fletching
33:22 Padded Archer Armor
33:29 Scale Barding Armor
33:55 Ballistics
35:34 Gold Shaft Mining
35:21 Heavy Plow
35:33 Caravan
37:30 Fortified Wall
38:22 Chemistry
37:19 Murder Holes
37:33 Town Patrol
40:23 Heavy Cavalry Archer
41:45 Crop Rotation
41:48 Silk Armor
41:59 Timurid Siegecraft
42:47 Bodkin Arrow
43:07 Leather Archer Armor
43:13 Chain Barding Armor
43:12 Forging
43:59 Bracer
47:43 Onager
49:13 Ring Archer Armor
53:42 Elite Keshik
56:57 Bloodlines
56:09 Elite Steppe Lancer
60:12 Cavalier
60:54 Husbandry
alisonsalazarc
16:17 Feudal Age
26:02 Castle Age
30:13 Forging
29:54 Fletching
30:07 Scale Mail Armor
30:07 Padded Archer Armor
30:13 Scale Barding Armor
30:49 Double-Bit Axe
30:59 Gold Mining
31:00 Stone Mining
32:07 Ballistics
32:27 Iron Casting
31:48 Bodkin Arrow
32:51 Horse Collar
37:51 Imperial Age
36:21 Chain Barding Armor
37:02 Bow Saw
39:00 Wheelbarrow
40:29 Chemistry
41:00 Bloodlines
40:39 Arson
40:54 Squires
41:06 Thumb Ring
40:22 Elite Skirmisher
44:14 Hoardings
44:47 Heavy Cavalry Archer
47:51 Lechitic Legacy
47:40 Szlachta Privileges
47:58 Hand Cart
48:19 Heavy Plow
52:17 Husbandry
51:37 Light Cavalry
51:38 Cavalier
51:41 Capped Ram
52:05 Man-at-Arms
53:23 Pikeman
53:25 Long Swordsman
53:26 Pikeman
53:27 Long Swordsman
53:39 Siege Ram
53:51 Pikeman
53:52 Long Swordsman
Dr_foul
9:02 Loom
13:11 Feudal Age
15:02 Double-Bit Axe
17:57 Horse Collar
24:10 Castle Age
22:43 Stone Mining
24:45 Wheelbarrow
25:36 Caravan
26:41 Fletching
28:10 Bodkin Arrow
29:53 Gold Mining
30:36 Heavy Plow
30:52 Bow Saw
30:44 Murder Holes
31:30 Hand Cart
32:40 Gold Shaft Mining
33:00 Fortified Wall
34:25 Yasama
34:09 Treadmill Crane
34:40 Masonry
38:46 Imperial Age
36:55 Forging
36:46 Scale Mail Armor
39:03 Town Watch
41:05 Chemistry
40:11 Siege Engineers
40:32 Kataparuto
41:00 Elite Samurai
42:02 Conscription
41:24 Pikeman
42:04 Halberdier
57:46 Chain Mail Armor
58:06 Iron Casting
Luciano24cm
5:50 Loom
8:58 Feudal Age
9:47 Double-Bit Axe
20:35 Castle Age
19:13 Horse Collar
19:26 Gold Mining
21:53 Bow Saw
27:01 Fervor
32:49 Imperial Age
30:12 Town Watch
31:36 Heavy Plow
32:15 Wheelbarrow
31:41 Town Patrol
31:40 Stone Mining
32:36 Coinage
33:17 Stone Shaft Mining
33:16 Hand Cart
32:57 Onager
34:26 Crop Rotation
35:27 Two-Man Saw
37:19 Elite Leitis
38:42 Scale Barding Armor
38:48 Forging
38:28 Fletching
38:38 Padded Archer Armor
41:20 Chain Barding Armor
41:35 Iron Casting
43:06 Banking
42:37 Caravan
42:47 Guilds
44:07 Plate Barding Armor
45:58 Bloodlines
45:49 Husbandry
47:39 Fortified Wall
47:24 Murder Holes
47:39 Clinker Construction
47:40 Careening
47:41 Masonry
47:21 Guard Tower
48:32 Chemistry
49:04 Hill Forts
49:04 Tower Shields
49:39 Hoardings
49:25 Conscription
52:04 Carvel Hull
52:05 Dry Dock
ZeroFuqsGiven
0:33 Loom
14:48 Feudal Age
19:34 Castle Age
17:28 Double-Bit Axe
17:33 Domestication
29:32 Bow Saw
31:17 Gold Mining
34:04 Imperial Age
32:29 Lamellar Armor
32:36 Pastoralism
34:34 Wheelbarrow
37:32 Forging
37:23 Scale Mail Armor
38:23 Elite Fire Lancer
42:14 Hand Cart
42:27 Elite Liao Dao
43:50 Iron Casting
43:31 Chain Mail Armor
49:29 Two-Man Saw
49:02 Transhumance
48:08 Heavy Rocket Cart
52:12 Plate Mail Armor
54:02 Fletching
54:12 Padded Archer Armor
54:35 Ballistics
55:16 Chemistry
55:00 Elite Skirmisher
55:45 Thumb Ring
56:23 Bodkin Arrow
56:43 Leather Archer Armor
58:07 Squires
60:11 Ring Archer Armor
59:42 Bracer
JakeElPerro
0:33 Loom
15:42 Feudal Age
16:59 Wheelbarrow
23:54 Castle Age
22:20 Arson
23:17 Horse Collar
23:26 Double-Bit Axe
25:25 Caravan
27:53 Hand Cart
34:42 Imperial Age
32:05 Town Watch
32:11 Pikeman
32:52 Squires
33:53 Heavy Plow
34:08 Bow Saw
34:13 Stone Mining
34:21 Gold Mining
35:37 Gold Shaft Mining
37:03 Conscription
37:11 Padded Archer Armor
37:02 Fletching
37:50 Yeomen
39:21 Bodkin Arrow
41:03 Leather Archer Armor
40:49 Bracer
40:38 Elite Longbowman
42:42 Ring Archer Armor
42:39 Ballistics
43:27 Chemistry
48:32 Coinage
48:12 Guilds
50:13 Two-Man Saw
49:15 Town Patrol
53:01 Banking
62:37 Block Printing
62:47 Illumination
62:23 Devotion
62:43 Sanctity
62:59 Theocracy
62:20 Herbal Medicine
62:35 Fervor
62:21 Heated Shot
62:12 Treadmill Crane
62:42 Masonry
62:38 Siege Engineers
62:28 Murder Holes
62:43 Fortified Wall
62:25 Guard Tower
62:20 Arrowslits
arhogamer
0:44 Loom
13:26 Feudal Age
14:48 Wheelbarrow
14:01 Double-Bit Axe
15:05 Horse Collar
16:53 Stone Mining
17:17 Gold Mining
24:30 Castle Age
25:15 Hand Cart
25:15 Bow Saw
25:07 Heavy Plow
26:44 Caravan
32:14 Imperial Age
30:26 Kamandaran
32:54 Conscription
34:18 Chemistry
34:52 Crop Rotation
35:38 Two-Man Saw
37:13 Town Watch
38:32 Elite War Elephant
41:42 Cavalier
42:22 Husbandry
46:19 Savar
47:54 Citadels
47:15 Sappers
48:20 Hoardings
56:30 Ballistics
56:00 Guard Tower
56:00 Heated Shot
56:05 Murder Holes
56:21 Masonry
55:36 Heavy Camel Rider
56:27 Bloodlines
55:37 Light Cavalry
55:39 Crossbowman
56:25 Thumb Ring
55:42 Man-at-Arms
55:42 Pikeman
56:07 Gambesons
56:23 Squires
56:08 Arson
55:46 Capped Ram
55:46 Onager
55:46 Heavy Scorpion
59:00 Elite Skirmisher
59:00 Heavy Cavalry Archer
60:06 Parthian Tactics
59:08 Light Cavalry
61:08 Scale Barding Armor
61:03 Scale Mail Armor
61:14 Forging
60:54 Fletching
61:04 Padded Archer Armor
61:53 Guilds
62:13 Coinage
Puro_Osso
0:36 Loom
17:03 Feudal Age
18:28 Wheelbarrow
17:41 Double-Bit Axe
22:41 Horse Collar
27:38 Castle Age
29:10 Stone Mining
29:11 Gold Mining
29:40 Hand Cart
29:38 Bow Saw
34:51 Heavy Plow
37:36 Caravan
38:07 Coinage
41:29 Imperial Age
38:27 Man-at-Arms
39:09 Squires
39:49 Fortified Wall
39:51 Masonry
39:37 Murder Holes
40:05 Ballistics
39:37 Fletching
41:28 Gold Shaft Mining
41:43 Town Watch
45:42 Chemistry
44:38 Long Swordsman
47:51 Banking
47:32 Guilds
47:56 Legionary
51:17 Ballistas
52:53 Padded Archer Armor
53:09 Forging
Connection lost

Rejoining the realm…

Still unreachable

The connection could not be restored.

Session expired

The server has moved on; the page needs a fresh start.